 Dungeon Crawl Stone Soup version 0.23.2 (webtiles) character file.

Game seed: 10041403840774632924

1652 Illumine the Jinx (level 8, -17/45 HPs)
             Began as a Deep Elf Enchanter on Oct 18, 2019.
             Killed from afar by a gargoyle (23 damage)
             ... with a stone arrow
             ... on level 6 of the Dungeon.
             The game lasted 00:22:23 (7229 turns).

Illumine the Jinx (Deep Elf Enchanter)              Turns: 7229, Time: 00:22:24

Health: -17/45     AC:  5    Str:  5    XL:     8   Next: 68%
Magic:  2/21       EV: 16    Int: 28    God:
Gold:   286        SH:  0    Dex: 15    Spells: 7/22 levels left

rFire    . . .     SeeInvis .   a - +1 dagger
rCold    . . .     Gourm    .   (no shield)
rNeg     . . .     Faith    .   b - +0 robe
rPois    .         Spirit   .   (no helmet)
rElec    .         Reflect  .   l - +0 cloak
rCorr    .         Harm     .   e - +0 pair of gloves
MR       .....                  f - +0 pair of boots
Stlth    ++++......             (no amulet)
HPRegen  0.15/turn              m - ring of stealth
MPRegen  0.17/turn              C - +5 ring of intelligence

@: no status effects
A: no striking features
a: no special abilities


You were on level 6 of the Dungeon.
You were not hungry.

You visited 1 branch of the dungeon, and saw 6 of its levels.

You collected 286 gold pieces.

Inventory:

Hand Weapons
 a - a +1 dagger (weapon)
 p - a +0 hunting sling
 v - a +0 shortbow of flaming
 A - a +0 shortbow
Missiles
 g - 131 stones (quivered)
 w - 53 arrows
Armour
 b - a +0 robe (worn)
 e - a +0 pair of gloves (worn)
 f - a +0 pair of boots (worn)
 l - a +0 cloak (worn)
Magical Staves
 c - an uncursed staff of poison
 D - an uncursed staff of cold
Jewellery
 m - a ring of stealth (left hand)
 z - a +2 ring of evasion
 C - a +5 ring of intelligence (right hand)
Scrolls
 i - a scroll of immolation
 j - a scroll of amnesia {unknown}
 r - 2 scrolls of remove curse
 s - a scroll of enchant weapon {unknown}
 y - a scroll of fog {unknown}
Potions
 h - 2 potions of might {unknown}
 k - 2 potions of curing {unknown}
 n - a potion of invisibility {unknown}
 o - 2 potions of haste {unknown}
 q - a potion of mutation {unknown}
 t - a potion of agility {unknown}
 u - a potion of resistance
 B - a potion of brilliance {unknown}
Comestibles
 d - 8 rations


   Skills:
 + Level 2.7 Fighting
 - Level 2.0 Short Blades
 + Level 6.9 Dodging
 - Level 4.1 Stealth
 + Level 7.7 Spellcasting
 + Level 3.8 Conjurations
 + Level 8.2 Hexes


You had 7 spell levels left.
You knew the following spells:

 Your Spells              Type           Power        Failure   Level  Hunger
a - Corona                Hex            ######.      1%          1    None
b - Ensorcelled Hibernat  Hex/Ice        ####..       1%          2    None
c - Confuse               Hex            ######..     1%          3    None
d - Tukima's Dance        Hex            ######..     1%          3    None
e - Dazzling Spray        Conj/Hex       #####.       1%          3    None
f - Gell's Gravitas       Tloc           ##........   16%         3    None

Your spell library contained the following spells:

 Spells                   Type           Power        Failure   Level  Hunger
 Confusing Touch          Hex            ######       1%          1    None
 Metabolic Englaciation   Hex/Ice        ####......   26%         5    ####...
 Yara's Violent Unravell  Hex/Tmut       ####......   26%         5    ####...
 Petrify                  Tmut/Erth      ##......     45%         4    ##.....


Dungeon Overview and Level Annotations

Branches:
Dungeon (6/15)
 Temple: D:4-7

Altars:
Ashenzari
Elyvilon
Vehumet

Shops:
D:4 :   D:6 *


Message History

The gargoyle hurls a stone arrow at you.
The stone arrow hits you.
* * * LOW HITPOINT WARNING * * *
Your surroundings suddenly seem different.
The shadow imp barely misses you.
There is an open door here.
The shadow imp gestures at you. Pain shoots through your body!
* * * LOW HITPOINT WARNING * * *
The shadow imp shouts, "Away with thee, thou defiled ill-nurtured Cock-Lorel!"
Casting: Confuse (safe; 1% risk of failure)
Confirm with . or Enter, or press ? or * to list all spells.
Aiming: Confuse (safe; 1% risk of failure)
Press: ? - help, Shift-Dir - straight line, f - shadow imp
Aim: a shadow imp (chance to defeat MR: 81%)
The shadow imp appears confused.
The gargoyle hurls a stone arrow at you.
The stone arrow hits you!!
Ouch! That really hurt!
You die...

####.9##..##...##.........
#...##..##..##.##.#############
#...##..##..##.##.# #...†...
###.##..##..##...##.# #.#####.
.##.##..##..##)..##.# #.# #.#.
..'...##..##..##.##.# #.# #.#.
.##...##..##9.##.##.# #.# #...
###)##..##..##...##.# #.###.#.
#.##..##..##..@##.# #.....#.
#...##..##..##.##.# #######.
#...##..##..##.##.## #####.
#.##########...##..# .......
###.# ## #....#.## #######
....# #.. ####'#.<# #####
..##..#.#.#####.. ## ####
#.#.[#.#........ .## ....#
##.....#.########


You could see a gargoyle.

Vanquished Creatures
  A phantom (D:6)
  An ogre (D:6)
  A sky beast (D:4)
  A necrophage (D:5)
  3 centaurs
  A bullfrog (D:6)
  A crimson imp (D:5)
  A centaur zombie (D:5)
  3 howler monkeys
  A quasit (D:6)
  4 hounds
  A jelly (D:5)
  3 orc priests (D:5)
  Jessica (D:3)
  3 orc wizards (D:6)
  A worker ant (D:6)
  A killer bee zombie (D:5)
  A hound skeleton (D:5)
  A howler monkey zombie (D:5)
  5 adders
  A shadow imp (D:5)
  5 worms
  2 dart slugs (D:1)
  4 leopard geckos
  8 orcs
  4 ball pythons
  5 bats
  11 giant cockroaches
  A goblin (D:1)
  2 hobgoblins (D:2)
  4 jackals
  2 quokkas (D:6)
  4 frilled lizards
  6 kobolds
  2 rats
96 creatures vanquished.

Vanquished Creatures (collateral kills)
  An orc warrior (D:6)
  4 ogres
  An adder (D:6)
  An orc (D:6)
7 creatures vanquished.

Vanquished Creatures (others)
  2 dancing weapons
2 creatures vanquished.

Grand Total: 105 creatures vanquished

Notes
Turn   | Place    | Note
-------+----------+-------------------------------------------
     0 | D:1      | Illumine the Deep Elf Enchanter began the quest for the
                  | Orb.
     0 | D:1      | Reached XP level 1. HP: 10/10 MP: 6/6
   884 | D:1      | Reached XP level 2. HP: 15/15 MP: 8/8
   934 | D:1      | Learned a level 2 spell: Ensorcelled Hibernation
  1506 | D:2      | Found a radiant altar of Vehumet.
  1507 | D:2      | Reached XP level 3. HP: 19/19 MP: 10/10
  1532 | D:1      | Learned a level 3 spell: Confuse
  1731 | D:2      | Learned a level 3 spell: Tukima's Dance
  2045 | D:2      | Reached XP level 4. HP: 18/24 MP: 9/12
  2155 | D:2      | Reached skill level 5 in Hexes
  2285 | D:4      | Found Hoteh's Book Shop.
  2466 | D:3      | Noticed Jessica
  2517 | D:3      | Killed Jessica
  2581 | D:4      | Noticed an ogre
  2601 | D:4      | Killed an ogre
  2601 | D:4      | Reached XP level 5. HP: 28/28 MP: 2/14
  2795 | D:4      | Noticed a sky beast
  2809 | D:4      | Killed a sky beast
  2809 | D:4      | Reached skill level 5 in Spellcasting
  2809 | D:4      | Reached skill level 6 in Hexes
  2894 | D:4      | Reached XP level 6. HP: 32/32 MP: 14/16
  2979 | D:4      | Reached skill level 5 in Dodging
  3356 | D:4      | Found a white marble altar of Elyvilon.
  3626 | D:5      | Entered Level 5 of the Dungeon
  4024 | D:5      | Learned a level 3 spell: Dazzling Spray
  4028 | D:5      | Learned a level 3 spell: Gell's Gravitas
  4422 | D:5      | Reached XP level 7. HP: 37/37 MP: 7/18
  4477 | D:5      | Reached skill level 1 in Conjurations
  4733 | D:5      | Reached skill level 1 in Fighting
  4746 | D:5      | Reached skill level 7 in Hexes
  5262 | D:5      | Found a shattered altar of Ashenzari.
  5843 | D:6      | Reached XP level 8. HP: 44/44 MP: 20/20
  6446 | D:6      | Found Uqeubu's Assorted Antiques.
  6747 | D:6      | Reached skill level 8 in Hexes
  7158 | D:6      | Noticed a gargoyle
  7229 | D:6      | Killed from afar by a gargoyle

Skill      XL: |  1  2  3  4  5  6  7  8 |
---------------+-------------------------+-----
Dodging        | 3 4 5 6 |  6.9
Spellcasting   | 4 5 6 7 |  7.7
Hexes          | 5 6 7 8 |  8.2
Stealth        | 4 |  4.1
Short Blades   | 2 |  2.0
Conjurations   | 2 3 |  3.8
Fighting       | 1 2 |  2.7

Action                   |  1- 3 |  4- 6 |  7- 9 || total
-------------------------+-------+-------+-------++-------
Melee: Dagger            |   129 |   115 |    95 ||   339
 Fire: Shortbow          |       |       |     1 ||     1
Throw: Stone             |     5 |       |       ||     5
 Cast: Corona            |     9 |       |       ||     9
       Ensorcelled Hiber |    11 |    20 |    14 ||    45
       Confuse           |     3 |    12 |    26 ||    41
       Tukima's Dance    |       |     4 |     8 ||    12
       Dazzling Spray    |       |     5 |    31 ||    36
  Use: Scroll            |       |     4 |     3 ||     7
 Stab: Sleeping          |    21 |    17 |    19 ||    57
       Confused          |       |     5 |     8 ||    13
       Invisible         |       |       |     2 ||     2
  Eat: Chunk             |     4 |     4 |     3 ||    11
       Ration            |       |     2 |     1 ||     3
Armor: Robe              |    27 |    33 |     9 ||    69
Dodge: Dodged            |    80 |   108 |    71 ||   259
